[Event "Friday 06 April Rapid Engine Tour 12+1 Rounds 9 Starts 1600ST"]
[Site "Infinity Chess"]
[Date "2018.4.6"]
[Round "4"]
[White "star99"]
[Black "KQRBNP"]
[Result "1/2-1/2"]
[ECO "A46"]
[WhiteElo "2409"]
[BlackElo "2425"]
[WhiteEngine "Cryptic Heroes 9.3B"]
[BlackEngine "Eman 1.70-beta17 64-bit POPCNT"]
[EventType "Swiss"]
[WhiteTeam ""]
[BlackTeam ""]
[PlyCount "135"]
[TimeControl "720+1"]

1. d4 Nf6 2. Nf3 d5 3. c4 e6 4. e3 Be7 5. Nc3 O-O 6. a3 c5 7. cxd5 Nxd5 
8. Bd3 Nxc3 9. bxc3 Nc6 10. Bb2 b6 11. Qc2 h6 12. O-O Bb7 13. Qe2 Rc8 14. e4 Na5 
15. Rad1 cxd4 16. cxd4 Bd6 17. Bb5 Qc7 18. Rc1 Qe7 19. Qd3 Bf4 20. Rxc8 Rxc8 
21. g3 Bd6 22. Re1 Qc7 23. Rc1 Qd8 24. Rc3 Rxc3 25. Bxc3 Qc7 26. Bb2 Qc8 
27. Nd2 Be7 28. h4 a6 29. Ba4 b5 30. Bc2 Nc4 31. Nxc4 bxc4 32. Qc3 f5 
33. exf5 exf5 34. Qe3 Bf6 35. Bc3 Kf7 36. Qf4 Qc6 37. Kf1 g6 38. d5 Qxd5 
39. Bxf6 Kxf6 40. Qxh6 Qh1+ 41. Ke2 Qf3+ 42. Kf1 Qh1+ 43. Ke2 Bf3+ 44. Kd2 c3+ 
45. Kxc3 Qa1+ 46. Kd2 Qd4+ 47. Kc1 Qa1+ 48. Kd2 Qxa3 49. Qh8+ Kf7 50. Qd4 a5 
51. Bd3 Qb4+ 52. Qxb4 axb4 53. Ke3 Bd5 54. Kd4 Be6 55. Bc4 b3 56. Bxe6+ Kxe6 
57. Kc3 Kd5 58. f3 b2 59. Kxb2 Ke6 60. Kc2 Kd6 61. Kd2 Ke6 62. Ke3 Kf7 
63. Kf4 Kf6 64. Ke3 Kf7 65. g4 fxg4 66. fxg4 Ke7 67. Ke4 Ke6 68. h5 1/2-1/2

[Event "Friday 06 April Rapid Engine Tour 12+1 Rounds 9 Starts 1600ST"]
[Site "Infinity Chess"]
[Date "2018.4.6"]
[Round "4"]
[White "MGR"]
[Black "IronMan"]
[Result "1/2-1/2"]
[ECO "C55"]
[WhiteElo "2479"]
[BlackElo "2480"]
[WhiteEngine "CF 180327 64 POP N"]
[BlackEngine "Eman 1.70-beta15 64-bit BMI2"]
[EventType "Swiss"]
[WhiteTeam ""]
[BlackTeam ""]
[PlyCount "189"]
[TimeControl "720+1"]

1. e4 e5 2. Nf3 Nc6 3. Bc4 Nf6 4. d3 Bc5 5. c3 a5 6. O-O d6 7. Re1 O-O 8. Bb3 h6 
9. h3 Re8 10. Nbd2 Be6 11. Ba4 Qb8 12. d4 exd4 13. cxd4 b5 14. dxc5 bxa4 
15. Qxa4 Qb7 16. cxd6 cxd6 17. Nc4 Bxc4 18. Qxc4 Rxe4 19. Rxe4 d5 20. Re7 Nxe7 
21. Qb3 Qxb3 22. axb3 Nc6 23. Be3 Rb8 24. Rc1 Nd8 25. Bf4 Ra8 26. Rd1 Ne6 
27. Be5 d4 28. Nxd4 Rd8 29. Rd2 Ne4 30. Re2 Ng3 31. fxg3 Nxd4 32. Re4 Nxb3 
33. Bc3 f6 34. Ra4 Kf7 35. Kf2 Rd7 36. Ke3 Re7+ 37. Kf3 Rd7 38. g4 Rd5 
39. h4 Ke6 40. Ke3 Kd6 41. Rc4 Kd7 42. g3 Rb5 43. Ra4 Kd6 44. Ra3 Ke6 
45. Kf2 Kd6 46. g5 hxg5 47. hxg5 fxg5 48. Bxg7 Nc5 49. Bf8+ Ke5 50. Bxc5 Rxc5 
51. Ke3 Rb5 52. g4 Ke6 53. Ra1 Kf6 54. Ra4 Rxb2 55. Rxa5 Rb1 56. Ra6+ Ke5 
57. Ra5+ Ke6 58. Ra2 Rb3+ 59. Ke4 Rb4+ 60. Kf3 Rb1 61. Rc2 Rf1+ 62. Kg3 Ra1 
63. Re2+ Kf7 64. Rb2 Ra6 65. Rb7+ Ke6 66. Rc7 Ra1 67. Rc2 Ra4 68. Re2+ Kf6 
69. Re1 Ra3+ 70. Kf2 Ra6 71. Rf1 Kg7 72. Rb1 Ra2+ 73. Kg3 Ra3+ 74. Kf2 Ra2+ 
75. Kg3 Kf6 76. Rb6+ Ke5 77. Rb1 Kd6 78. Rd1+ Kc5 79. Rc1+ Kb6 80. Rb1+ Kc6 
81. Rc1+ Kb6 82. Rb1+ Kc5 83. Rc1+ Kb5 84. Rb1+ Kc4 85. Rc1+ Kb4 86. Rb1+ Kc4 
87. Rc1+ Kd5 88. Rb1 Ra3+ 89. Kf2 Ra2+ 90. Kg1 Ke4 91. Rf1 Ra3 92. Kg2 Ra2+ 
93. Kg1 Re2 94. Rf6 Ra2 95. Rf1 1/2-1/2

[Event "Friday 06 April Rapid Engine Tour 12+1 Rounds 9 Starts 1600ST"]
[Site "Infinity Chess"]
[Date "2018.4.6"]
[Round "4"]
[White "Prometheus"]
[Black "SkyPilot"]
[Result "1/2-1/2"]
[ECO "A46"]
[WhiteElo "2455"]
[BlackElo "2482"]
[WhiteEngine "Eman 1.70-beta15 64-bit BMI2"]
[BlackEngine "stockfish_x64_bmi2_2018_03_30_CTG"]
[EventType "Swiss"]
[WhiteTeam ""]
[BlackTeam ""]
[PlyCount "67"]
[TimeControl "720+1"]

1. d4 Nf6 2. Nf3 d5 3. Bf4 c5 4. e3 Nc6 5. Be2 cxd4 6. Nxd4 Qb6 7. Nxc6 bxc6 
8. Nd2 Qxb2 9. Rb1 Qxa2 10. O-O e6 11. c4 Bd7 12. e4 dxe4 13. Be5 Qa5 
14. Bxf6 gxf6 15. Nxe4 Qe5 16. Bf3 Rd8 17. Rb7 Be7 18. Rxa7 f5 19. Ng3 Qc5 
20. Qa1 O-O 21. Ra5 Qxc4 22. Ra4 Qc5 23. Rc1 Qd6 24. Rd1 Qc5 25. Nh5 f6 
26. Ra5 Qb4 27. Ra7 Be8 28. Rb1 Qd6 29. Rd1 Qc5 30. Rc1 Qb4 31. Rb1 Qd6 
32. Rd1 Qc5 33. Rc1 Qd6 34. Rd1 1/2-1/2

[Event "Friday 06 April Rapid Engine Tour 12+1 Rounds 9 Starts 1600ST"]
[Site "Infinity Chess"]
[Date "2018.4.6"]
[Round "3"]
[White "Dovahkiin"]
[Black "CrapCleaner"]
[Result "0-1"]
[ECO "C24"]
[WhiteElo "2362"]
[BlackElo "2426"]
[WhiteEngine "corchess_x64_modern_CTG"]
[BlackEngine "Raubfisch ME262_GTZ17_CTG"]
[EventType "Swiss"]
[WhiteTeam ""]
[BlackTeam ""]
[PlyCount "186"]
[TimeControl "720+1"]

1. e4 e5 2. Bc4 Nf6 3. d3 Nc6 4. Nf3 Bc5 5. a4 d6 6. c3 a5 7. O-O O-O 8. Bg5 h6 
9. Bh4 Be6 10. Nbd2 Qe7 11. Re1 g5 12. Bg3 Ne8 13. Bxe6 fxe6 14. Nc4 Qf7 
15. Qb3 Rb8 16. Rf1 g4 17. Nfd2 Qe7 18. Qd1 Qg5 19. Nb3 Ba7 20. Qd2 Qxd2 
21. Nbxd2 b5 22. axb5 Rxb5 23. b3 Nf6 24. Na3 Rbb8 25. Nac4 Rb5 26. Na3 Rbb8 
27. Nac4 Ra8 28. Rfe1 Nh5 29. Ne3 Nxg3 30. hxg3 h5 31. Kf1 d5 32. Ra4 d4 
33. cxd4 Nxd4 34. Ndc4 Nxb3 35. Nxe5 Bd4 36. Ng6 Rfd8 37. Nf4 Kf7 38. Nc4 Rdb8 
39. f3 Rb4 40. Ra2 a4 41. Rb1 Rab8 42. Ke2 gxf3+ 43. gxf3 h4 44. gxh4 Rg8 
45. h5 Rg3 46. e5 Bc5 47. Rf1 Nd4+ 48. Kd2 Bf8 49. Rf2 Nf5 50. Ne2 Rh3 
51. Nc3 Rb3 52. Rxa4 Bb4 53. Rxb4 Rxb4 54. Ne4 Rxh5 55. Kc3 Rb1 56. Rc2 Ra1 
57. f4 Rh8 58. Ng5+ Ke7 59. Ne4 Rh4 60. Kb2 Ra8 61. Rf2 Rh1 62. Rc2 Nd4 
63. Rg2 Raa1 64. Na3 Rag1 65. Rf2 Rc1 66. Rg2 Rhd1 67. Nc2 Rxc2+ 68. Rxc2 Nxc2 
69. Kxc2 Rf1 70. Kd2 Rxf4 71. Nc5 Rf2+ 72. Ke3 Rc2 73. d4 Rxc5 74. dxc5 Kf7 
75. c6 Kg6 76. Kd4 Kf5 77. Kc4 Kxe5 78. Kc5 Ke4 79. Kc4 e5 80. Kc5 Kf4 
81. Kd5 e4 82. Ke6 e3 83. Kd7 e2 84. Kxc7 e1=Q 85. Kd7 Qd2+ 86. Ke6 Qd8 
87. c7 Qxc7 88. Kd5 Qa5+ 89. Kc4 Ke3 90. Kb3 Kd3 91. Kb2 Qb4+ 92. Kc1 Qb6 
93. Kd1 Qb1# 0-1

[Event "Friday 06 April Rapid Engine Tour 12+1 Rounds 9 Starts 1600ST"]
[Site "Infinity Chess"]
[Date "2018.4.6"]
[Round "3"]
[White "Nigi"]
[Black "Macho"]
[Result "1-0 "]
[ECO "D30"]
[WhiteElo "2390"]
[BlackElo "2451"]
[WhiteEngine "stockfish_18022813_x64_bmi2"]
[BlackEngine "asmFishW_2018-04-01_popcnt_CTG"]
[EventType "Swiss"]
[WhiteTeam ""]
[BlackTeam ""]
[PlyCount "170"]
[TimeControl "720+1"]

1. d4 d5 2. c4 e6 3. Nf3 Nf6 4. Nc3 c6 5. Bg5 h6 6. Bh4 dxc4 7. e4 g5 8. Bg3 b5 
9. Be2 Bb7 10. h4 g4 11. Ne5 h5 12. O-O Nbd7 13. Qc2 Nxe5 14. Bxe5 Rg8 
15. Rfd1 a6 16. Rab1 Be7 17. Bg3 Kf8 18. b3 cxb3 19. Rxb3 Rc8 20. Qd2 Rh8 
21. Qf4 Qd7 22. Qe3 Ne8 23. Rbb1 Ng7 24. a4 Kg8 25. axb5 cxb5 26. d5 Bc5 
27. Qf4 Ba8 28. Bf1 exd5 29. Nxd5 Bxd5 30. Rxd5 Qc6 31. Rbd1 Qe8 32. Qd2 Bf8 
33. Be5 Qc6 34. Bd3 Rh7 35. Bb2 Ne6 36. g3 Bh6 37. Qe1 Bf8 38. e5 Re8 
39. Bxh7+ Kxh7 40. Qe4+ Kg8 41. Qf5 Ng7 42. Qg5 Qc2 43. R5d2 Qf5 44. Qxf5 Nxf5 
45. Rd8 Rxd8 46. Rxd8 b4 47. Ra8 Ng7 48. Rxa6 Ne6 49. Rb6 Bc5 50. Rb5 Kh7 
51. Kf1 Kg6 52. Bc1 Bd4 53. Rxb4 Bxe5 54. Rb6 Bd4 55. Ra6 Be5 56. Be3 Bc3 
57. Ke2 Kf5 58. Kd3 Bf6 59. Ke2 Kg6 60. Kf1 Bg7 61. Rc6 Bf8 62. Ra6 Bb4 
63. Bc1 Kf5 64. Be3 Bc3 65. Rb6 Bg7 66. Rb5+ Kg6 67. Rb6 Bc3 68. Rd6 Bb4 
69. Rd5 Be7 70. Ra5 Bd8 71. Rd5 Bc7 72. Rd7 Bb8 73. Ke2 Be5 74. Kd3 Bg7 
75. Rd6 Bf8 76. Rd5 Be7 77. Ke4 Ba3 78. Re5 Bb2 79. Rf5 Bf6 80. Ra5 Bc3 
81. Rd5 Be1 82. Rd7 Bb4 83. Kd5 Ba3 84. Ke5 Ng7 85. Ke4 Ne6 1-0

[Event "Friday 06 April Rapid Engine Tour 12+1 Rounds 9 Starts 1600ST"]
[Site "Infinity Chess"]
[Date "2018.4.6"]
[Round "3"]
[White "KQRBNP"]
[Black "localhero"]
[Result "1-0"]
[ECO "C65"]
[WhiteElo "2410"]
[BlackElo "2395"]
[WhiteEngine "Eman 1.70-beta17 64-bit POPCNT"]
[BlackEngine "asmFishW_2017-10-04_popcnt"]
[EventType "Swiss"]
[WhiteTeam ""]
[BlackTeam ""]
[PlyCount "173"]
[TimeControl "720+1"]

1. e4 e5 2. Nf3 Nc6 3. Bb5 Nf6 4. d3 Bc5 5. Bxc6 dxc6 6. O-O Nd7 7. c3 O-O 
8. d4 Bd6 9. Bg5 Qe8 10. Re1 c5 11. Bh4 cxd4 12. cxd4 exd4 13. Nxd4 Ne5 
14. Nc3 Bg4 15. f3 Be6 16. Qc2 Nc6 17. Ndb5 Be5 18. Nd5 Nb4 19. Qc4 Na6 
20. Qf1 c6 21. f4 Bxb2 22. Rab1 cxb5 23. Rxb2 f6 24. Rxb5 b6 25. f5 Bxd5 
26. Rxd5 Nb4 27. Rd2 Rc8 28. Bg3 Nc2 29. Ree2 Na3 30. Rd5 Nb5 31. Re3 Nc3 
32. Rd4 Nxa2 33. Bd6 Rf7 34. e5 fxe5 35. Rxe5 Qd7 36. Qd3 Nc1 37. Qd1 h6 
38. h3 Qc6 39. Kh2 Rd8 40. h4 Qc8 41. Ree4 Rxf5 42. Bf4 Rxd4 43. Rxd4 Qc5 
44. Bxc1 Qe5+ 45. Kg1 a5 46. Qb3+ Kh7 47. Be3 Rf6 48. Rd8 Re6 49. Bf2 Qe4 
50. Rd4 Qf5 51. g4 Qe5 52. Qb1+ Kg8 53. Rd8+ Re8 54. Qxb6 a4 55. Qd4 Qb5 
56. Rd7 Qb1+ 57. Kh2 Qg6 58. Qxa4 Re4 59. Qb3+ Kh7 60. Rd8 Re6 61. Kh3 Qe4 
62. Rd4 Qc6 63. Qd3+ Kg8 64. Rd8+ Kf7 65. Rd7+ Kf8 66. Bc5+ Kg8 67. Rd8+ Re8 
68. Rxe8+ Qxe8 69. Qe3 Qf7 70. h5 Qf1+ 71. Kg3 Qc4 72. Bd4 Qc7+ 73. Qe5 Qf7 
74. Qb8+ Kh7 75. Qa7 Qf8 76. Qc5 Qb8+ 77. Qe5 Qg8 78. Qe4+ Kh8 79. Qg6 Qb8+ 
80. Kh3 Qb3+ 81. Kh4 Qg8 82. Qxh6+ Qh7 83. Qg5 Qg8 84. h6 Qd8 85. Qxd8+ Kh7 
86. Qd7 Kg6 87. Qxg7# 1-0

[Event "Friday 06 April Rapid Engine Tour 12+1 Rounds 9 Starts 1600ST"]
[Site "Infinity Chess"]
[Date "2018.4.6"]
[Round "3"]
[White "fati64"]
[Black "Thinker"]
[Result "1/2-1/2"]
[ECO "C53"]
[WhiteElo "2432"]
[BlackElo "2427"]
[WhiteEngine "BrainFish_180404_x64"]
[BlackEngine "BrainFish_180404_x64_modern_CTG"]
[EventType "Swiss"]
[WhiteTeam ""]
[BlackTeam ""]
[PlyCount "110"]
[TimeControl "720+1"]

1. e4 e5 2. Nf3 Nc6 3. Bc4 Bc5 4. c3 Nf6 5. d3 O-O 6. O-O d6 7. h3 a6 8. Re1 Ba7 
9. a4 h6 10. Nbd2 Re8 11. Bb3 Be6 12. Bxe6 Rxe6 13. b4 d5 14. Qc2 d4 
15. Bb2 dxc3 16. Bxc3 a5 17. b5 Nb4 18. Bxb4 axb4 19. Nc4 Nd7 20. a5 Bc5 
21. Reb1 Qe8 22. Ncd2 b6 23. Nb3 Bf8 24. Rc1 bxa5 25. Rxa5 Rxa5 26. Nxa5 Rb6 
27. Qxc7 Rxb5 28. Nb3 Rb6 29. Kf1 g6 30. Ke2 Ra6 31. Nfd2 Ra3 32. Qb7 Kg7 
33. Rc7 Nf6 34. Qb6 h5 35. h4 Ra2 36. g3 Be7 37. Qc6 Qxc6 38. Rxc6 Bf8 
39. Rc7 Bd6 40. Rc6 Bf8 41. Rc7 Bd6 42. Rb7 Kf8 43. Kf1 Ng4 44. Rb5 Be7 
45. Ke2 f6 46. f3 Nh6 47. Nc5 Bxc5 48. Rxc5 Nf7 49. f4 Ra1 50. Rb5 Rg1 
51. Kf2 Rd1 52. Ke3 Re1+ 53. Kf2 Rd1 54. Ke3 Re1+ 55. Kf2 Rd1 1/2-1/2

[Event "Friday 06 April Rapid Engine Tour 12+1 Rounds 9 Starts 1600ST"]
[Site "Infinity Chess"]
[Date "2018.4.6"]
[Round "3"]
[White "KhalidOmar"]
[Black "Marsell"]
[Result "1/2-1/2"]
[ECO "D11"]
[WhiteElo "2434"]
[BlackElo "2467"]
[WhiteEngine "Eman 1.70-beta17 64-bit BMI2"]
[BlackEngine "asmFishW_2018-04-02_bmi2"]
[EventType "Swiss"]
[WhiteTeam ""]
[BlackTeam ""]
[PlyCount "166"]
[TimeControl "720+1"]

1. d4 d5 2. c4 c6 3. Nf3 Nf6 4. e3 e6 5. b3 c5 6. Bb2 cxd4 7. Qxd4 Nc6 
8. Qd1 Be7 9. cxd5 Qxd5 10. Qxd5 exd5 11. Nc3 O-O 12. Bd3 Bg4 13. Ne2 Nb4 
14. Bb1 Rfc8 15. Nfd4 Bxe2 16. Kxe2 Ne4 17. f3 Nc3+ 18. Kd2 Nxb1+ 19. Rhxb1 g6 
20. Rc1 Kf8 21. a3 Nc6 22. Rc2 Ke8 23. Rac1 Kd7 24. Ne2 Bd6 25. Kd3 Ne7 
26. Rxc8 Rxc8 27. Rxc8 Nxc8 28. h3 b5 29. g4 a6 30. Nd4 Ne7 31. Bc1 Nc6 
32. f4 Be7 33. a4 Nb4+ 34. Kd2 Nc6 35. Bb2 Nxd4 36. Bxd4 Bd6 37. axb5 axb5 
38. Ke2 Bb4 39. f5 gxf5 40. gxf5 Bd6 41. Kf3 h5 42. Ke2 Kc6 43. Kd3 Bg3 
44. b4 Bd6 45. Kc3 Be7 46. Be5 Bg5 47. Kd4 Bh4 48. Bg7 Bg5 49. Be5 Bh4 
50. Kd3 Bd8 51. Ke2 Be7 52. Bc3 Bd6 53. Kd3 Bg3 54. Kc2 Bd6 55. Kd3 Bc7 
56. e4 dxe4+ 57. Kxe4 Bd6 58. Be1 Be7 59. Ke5 Bg5 60. f6 Bc1 61. h4 Bb2+ 
62. Kf5 Kd5 63. Bd2 Kc4 64. Kg5 Kd3 65. Bf4 Ke4 66. Bd6 Bc3 67. Be7 Bd2+ 
68. Kxh5 Kf5 69. Bc5 Kxf6 70. Kg4 Bc3 71. h5 Bd2 72. Bd4+ Ke6 73. Bc5 Ke5 
74. Be7 f5+ 75. Kf3 Bc1 76. Ke2 Bh6 77. Bc5 Bg5 78. Kf3 Bd2 79. Be3 Bxb4 
80. h6 Kf6 81. h7 Kg7 82. h8=Q+ Kxh8 83. Kf4 Be1 1/2-1/2

[Event "Friday 06 April Rapid Engine Tour 12+1 Rounds 9 Starts 1600ST"]
[Site "Infinity Chess"]
[Date "2018.4.6"]
[Round "3"]
[White "hafaba"]
[Black "Deep_Impact"]
[Result "1/2-1/2"]
[ECO "D11"]
[WhiteElo "2470"]
[BlackElo "2473"]
[WhiteEngine "Eman 1.70-beta15 64-bit POPCNT_CTG"]
[BlackEngine "BrainFish_180404_x64_modern"]
[EventType "Swiss"]
[WhiteTeam ""]
[BlackTeam ""]
[PlyCount "112"]
[TimeControl "720+1"]

1. d4 d5 2. c4 c6 3. Nf3 e6 4. Nc3 Nf6 5. e3 Nbd7 6. Qc2 Bd6 7. Bd3 dxc4 
8. Bxc4 O-O 9. O-O b5 10. Bd3 Bb7 11. a3 a5 12. e4 e5 13. dxe5 Nxe5 
14. Nxe5 Bxe5 15. h3 Nh5 16. f4 Bd4+ 17. Kh2 g6 18. Ne2 Bb6 19. b3 Nf6 
20. Rf3 c5 21. Bb2 c4 22. bxc4 bxc4 23. Qxc4 Rc8 24. Qb5 Re8 25. Nc3 Re6 
26. Rd1 Bc6 27. Qb3 Rd6 28. Rc1 Bb7 29. a4 Rc7 30. Rb1 Rcd7 31. Ba3 Rxd3 
32. Qxb6 Ng4+ 33. Kg1 Qxb6+ 34. Rxb6 Ne3 35. Rb3 Rc7 36. Bb2 f5 37. Kf2 Nd1+ 
38. Nxd1 Rxd1 39. Be5 Rc2+ 40. Kg3 Bxe4 41. Rfc3 Rxc3+ 42. Rxc3 Rg1 
43. Rc5 Rxg2+ 44. Kh4 Kf7 45. Rxa5 h6 46. Ra6 g5+ 47. fxg5 hxg5+ 48. Kh5 f4 
49. h4 Bf3+ 50. Kh6 gxh4 51. Rf6+ Ke7 52. Rxf4 Ke6 53. Rxf3 Kxe5 54. Rh3 Rg8 
55. a5 Kf5 56. a6 Ra8 1/2-1/2

[Event "Friday 06 April Rapid Engine Tour 12+1 Rounds 9 Starts 1600ST"]
[Site "Infinity Chess"]
[Date "2018.4.6"]
[Round "3"]
[White "RonWeasley"]
[Black "THE_MACHINE"]
[Result "1/2-1/2"]
[ECO "D30"]
[WhiteElo "2474"]
[BlackElo "2480"]
[WhiteEngine "BrainFish 010418 WM_CTG"]
[BlackEngine "BrainFish_180404_x64_bmi2"]
[EventType "Swiss"]
[WhiteTeam ""]
[BlackTeam ""]
[PlyCount "103"]
[TimeControl "720+1"]

1. d4 d5 2. c4 e6 3. Nf3 Nf6 4. Nc3 dxc4 5. e4 Bb4 6. Bg5 c5 7. Bxc4 cxd4 
8. Nxd4 Bxc3+ 9. bxc3 Qa5 10. Bb5+ Bd7 11. Bxf6 gxf6 12. Bxd7+ Nxd7 13. O-O a6 
14. Rb1 Qc7 15. Qh5 Nc5 16. Rb4 Qe5 17. Qh4 Rd8 18. Rfb1 h5 19. a4 Rg8 
20. h3 Nd3 21. Nf3 Qf4 22. Qxf4 Nxf4 23. Kf1 Nxg2 24. Rd4 Rxd4 25. cxd4 Kf8 
26. d5 Nf4 27. d6 Kg7 28. Rxb7 Rc8 29. Rb1 Kf8 30. e5 Kg7 31. h4 Nd3 
32. exf6+ Kxf6 33. Rb6 a5 34. Rb7 Ne5 35. Nd2 Nc4 36. Ne4+ Ke5 37. d7 Rd8 
38. f3 Nd6 39. Nxd6 Kxd6 40. Kf2 Rxd7 41. Rb5 e5 42. f4 f6 43. Rxa5 Rc7 
44. fxe5+ fxe5 45. Ra8 Rc2+ 46. Ke3 Rc4 47. a5 Rxh4 48. Rh8 Kc5 49. a6 Kb6 
50. a7 Kxa7 51. Re8 e4 52. Re7+ 1/2-1/2

[Event "Friday 06 April Rapid Engine Tour 12+1 Rounds 9 Starts 1600ST"]
[Site "Infinity Chess"]
[Date "2018.4.6"]
[Round "3"]
[White "Eman"]
[Black "MarioDeMonti"]
[Result "1/2-1/2"]
[ECO "E10"]
[WhiteElo "2488"]
[BlackElo "2489"]
[WhiteEngine "Eman 1.70-beta17 64-bit POPCNT"]
[BlackEngine "stockfish_x64_bmi2_2018_02_18_CTG"]
[EventType "Swiss"]
[WhiteTeam ""]
[BlackTeam ""]
[PlyCount "131"]
[TimeControl "720+1"]

1. d4 Nf6 2. c4 e6 3. Nf3 d5 4. Nc3 c6 5. e3 Nbd7 6. Qc2 Bd6 7. Bd3 O-O 
8. O-O dxc4 9. Bxc4 a6 10. Rd1 b5 11. Bd3 Qc7 12. Bd2 c5 13. Ne4 c4 
14. Nxd6 Qxd6 15. Be2 Bb7 16. b3 Bd5 17. Ba5 Rfc8 18. Qb2 Ne4 19. Rdc1 f5 
20. Rc2 Rc6 21. bxc4 Bxc4 22. Rac1 Rac8 23. Bb4 Qd5 24. Bd1 g5 25. Qa3 g4 
26. Nh4 Kh8 27. f3 gxf3 28. Bxf3 Nb6 29. g3 Qd7 30. Bxe4 fxe4 31. Rf2 Bd3 
32. Rxc6 Qxc6 33. Bc5 Na4 34. Qb3 Qd5 35. Qxd5 exd5 36. Bb4 Rc1+ 37. Kg2 Rc2 
38. Rxc2 Bxc2 39. Kh3 Nb6 40. Bc5 Nc4 41. Nf5 a5 42. Kg4 Kg8 43. Kg5 Kf7 
44. g4 b4 45. Kh6 Ba4 46. Kxh7 Bd7 47. Nh6+ Ke8 48. g5 Nxe3 49. g6 Be6 
50. g7 Nc4 51. Ng4 e3 52. Nxe3 Nxe3 53. g8=Q+ Bxg8+ 54. Kxg8 Nf5 55. h3 Kd7 
56. Kf7 Kc6 57. Kf6 Nh4 58. Kg5 Nf3+ 59. Kg4 Ne5+ 60. dxe5 Kxc5 61. h4 a4 
62. h5 d4 63. h6 b3 64. axb3 axb3 65. h7 b2 66. h8=Q 1/2-1/2

[Event "Friday 06 April Rapid Engine Tour 12+1 Rounds 9 Starts 1600ST"]
[Site "Infinity Chess"]
[Date "2018.4.6"]
[Round "3"]
[White "MCDermont"]
[Black "Brtroy"]
[Result "1/2-1/2"]
[ECO "D30"]
[WhiteElo "2493"]
[BlackElo "2503"]
[WhiteEngine "BrainFish 010418 WM_CTG"]
[BlackEngine "Stockfish_18040400_x64_bmi2_CTG"]
[EventType "Swiss"]
[WhiteTeam ""]
[BlackTeam ""]
[PlyCount "68"]
[TimeControl "720+1"]

1. d4 d5 2. c4 e6 3. Nf3 Be7 4. g3 Nf6 5. Bg2 O-O 6. O-O dxc4 7. Ne5 Nc6 
8. Nxc6 bxc6 9. Na3 Bxa3 10. bxa3 Ba6 11. Qd2 Qc8 12. Qa5 Rb8 13. Rd1 Rd8 
14. e4 Rb5 15. Qc3 c5 16. d5 exd5 17. exd5 c6 18. a4 Rb4 19. d6 Nd5 
20. Bxd5 cxd5 21. Rxd5 f6 22. Ba3 Bb7 23. Rxc5 Qxc5 24. Bxb4 Qd5 25. f3 a5 
26. Bxa5 Rxd6 27. Bb4 Re6 28. Rc1 h5 29. a5 Kh8 30. Rf1 Re2 31. Rf2 Qd1+ 
32. Rf1 Qd5 33. Rf2 Qd1+ 34. Rf1 Qd5 1/2-1/2

[Event "Friday 06 April Rapid Engine Tour 12+1 Rounds 9 Starts 1600ST"]
[Site "Infinity Chess"]
[Date "2018.4.6"]
[Round "3"]
[White "Murx"]
[Black "Demoralisator"]
[Result "1/2-1/2"]
[ECO "C77"]
[WhiteElo "2518"]
[BlackElo "2555"]
[WhiteEngine "BrainFish_180404_x64_bmi2"]
[BlackEngine "Raubfisch X36b"]
[EventType "Swiss"]
[WhiteTeam ""]
[BlackTeam ""]
[PlyCount "138"]
[TimeControl "720+1"]

1. e4 e5 2. Nf3 Nc6 3. Bb5 a6 4. Ba4 Nf6 5. O-O Be7 6. Re1 b5 7. Bb3 O-O 
8. c3 d5 9. exd5 Nxd5 10. Nxe5 Nxe5 11. Rxe5 c6 12. Re1 Bd6 13. d3 Bf5 
14. Qf3 Qf6 15. Nd2 Qg6 16. Bd1 Bxd3 17. Ne4 Bxe4 18. Qxe4 f5 19. Qe6+ Qxe6 
20. Rxe6 Rae8 21. Rxe8 Rxe8 22. Kf1 a5 23. Bd2 Rb8 24. Bf3 Kf7 25. g3 a4 
26. b3 Be5 27. Rc1 axb3 28. axb3 Rc8 29. h3 Ne7 30. Be2 Nd5 31. Bf3 Ne7 
32. Be2 Nd5 33. c4 bxc4 34. Rxc4 Rc7 35. Bd3 g6 36. g4 fxg4 37. hxg4 Ke7 
38. f4 Bd6 39. Bc2 Rb7 40. Ke2 Nb4 41. Bb1 Nd5 42. Bc2 Nb4 43. Re4+ Kd8 
44. Bd1 Nd5 45. Kf3 Kd7 46. Bc2 Bb4 47. Bc1 Bd6 48. Rd4 Nb4 49. Bd1 Nd5 
50. Bc2 Nb4 51. Bd1 Nd5 52. g5 Ra7 53. Bd2 Ra1 54. Be2 Rh1 55. Bc4 Ne7 
56. Kg2 Rh4 57. Re4 Nd5 58. Kf3 h6 59. b4 hxg5 60. fxg5 Rh3+ 61. Ke2 Rh2+ 
62. Kd1 Bxb4 63. Bxb4 Nxb4 64. Be6+ Kd6 65. Rxb4 Kxe6 66. Rf4 c5 67. Rf1 c4 
68. Rf6+ Kd5 69. Rxg6 c3 1/2-1/2

[Event "Friday 06 April Rapid Engine Tour 12+1 Rounds 9 Starts 1600ST"]
[Site "Infinity Chess"]
[Date "2018.4.6"]
[Round "3"]
[White "xeonrocks"]
[Black "star99"]
[Result "1/2-1/2"]
[ECO "C42"]
[WhiteElo "2580"]
[BlackElo "2402"]
[WhiteEngine "Stockfish_x64_bmi2_CTG"]
[BlackEngine "Cryptic Heroes 9.3B"]
[EventType "Swiss"]
[WhiteTeam ""]
[BlackTeam ""]
[PlyCount "173"]
[TimeControl "720+1"]

1. e4 e5 2. Nf3 Nf6 3. Nxe5 d6 4. Nf3 Nxe4 5. d4 d5 6. Bd3 Nc6 7. Nbd2 Nd6 
8. c3 Bf5 9. Nf1 Be4 10. Ne3 Be7 11. O-O O-O 12. Be2 Nf5 13. Ng4 Nd6 14. Ne3 Nf5 
15. Ng4 Nd6 16. Re1 Nb8 17. Bf4 Nd7 18. Nfe5 c6 19. f3 Bf5 20. Ne3 Be6 
21. Bd3 Nxe5 22. dxe5 Ne8 23. Qd2 g6 24. Bh6 Ng7 25. Kh1 Bg5 26. Bxg5 Qxg5 
27. Rad1 Qe7 28. Nc2 Rae8 29. Qf2 b6 30. Nd4 c5 31. Nc2 Rd8 32. Bf1 f6 
33. Qh4 Nf5 34. exf6 Qxf6 35. Qxf6 Rxf6 36. Kg1 h5 37. Bc4 Kf8 38. Kf2 Ne7 
39. h4 Bc8 40. g3 Rfd6 41. Be2 Nc6 42. b4 Kg7 43. Rd2 Ne5 44. Na3 Bf5 45. f4 Nf7 
46. bxc5 bxc5 47. Nc2 Kf6 48. Ne3 Be6 49. Red1 d4 50. cxd4 Rxd4 51. Rxd4 Rxd4 
52. Rxd4 cxd4 53. Nc4 Bf5 54. Bf3 Nd8 55. Na5 Bc2 56. Ke2 Kf5 57. Nc4 Ne6 
58. Kd2 Bb1 59. Kc1 Bd3 60. Nd6+ Kf6 61. a3 Nc5 62. Kd2 Bf5 63. Bd5 a6 
64. Bc4 Bb1 65. Bd5 Ke7 66. Nf7 Be4 67. Bc4 Kf6 68. Ne5 a5 69. Bb5 Bf5 
70. a4 Ke6 71. Nc4 Nb3+ 72. Ke2 Kd5 73. Ne5 Nc5 74. Bc6+ Ke6 75. Be8 Ne4 
76. Bxg6 Nxg3+ 77. Kf3 Bxg6 78. Nxg6 d3 79. Ke3 Ne4 80. Kxd3 Nc5+ 81. Kd4 Nxa4 
82. Ne5 Kf5 83. Nc6 Kxf4 84. Nxa5 Kg3 85. Ke4 Nc5+ 86. Kd4 Ne6+ 87. Ke5 1/2-1/2

[Event "Friday 06 April Rapid Engine Tour 12+1 Rounds 9 Starts 1600ST"]
[Site "Infinity Chess"]
[Date "2018.4.6"]
[Round "3"]
[White "Prometheus"]
[Black "IronMan"]
[Result "1/2-1/2"]
[ECO "A46"]
[WhiteElo "2454"]
[BlackElo "2481"]
[WhiteEngine "Eman 1.70-beta15 64-bit BMI2"]
[BlackEngine "Eman 1.70-beta15 64-bit BMI2"]
[EventType "Swiss"]
[WhiteTeam ""]
[BlackTeam ""]
[PlyCount "264"]
[TimeControl "720+1"]

1. d4 Nf6 2. Nf3 e6 3. c4 b6 4. g3 Ba6 5. b3 Bb4+ 6. Bd2 Bxd2+ 7. Qxd2 d5 
8. Bg2 Nbd7 9. Ne5 O-O 10. Nc3 Qe7 11. cxd5 Nxe5 12. d6 Qxd6 13. Bxa8 Nd3+ 
14. exd3 Rxa8 15. Ne2 h6 16. O-O Nd5 17. Rac1 Bb7 18. f3 Qd7 19. Nf4 Ne7 
20. Qc3 Rc8 21. d5 Nxd5 22. Nxd5 Bxd5 23. d4 a5 24. Rf2 Qd6 25. Rb2 Qe7 
26. a4 Qf6 27. Qd3 Qg5 28. Rcc2 Qe7 29. Rb1 Rd8 30. Qc3 Rd7 31. Rbc1 g5 
32. Qe3 Qd6 33. f4 g4 34. Qe5 Bxb3 35. Rxc7 Qxd4+ 36. Qxd4 Rxd4 37. Rb1 Bd5 
38. Rxb6 Rxa4 39. Rd6 Be4 40. Ra7 Bg6 41. Rd8+ Kg7 42. Rd1 Ra2 43. Rdd7 Ra1+ 
44. Kg2 a4 45. Kf2 Rh1 46. f5 exf5 47. Kg2 Ra1 48. Rd4 Ra2+ 49. Kg1 a3 
50. Rda4 Rd2 51. Rxa3 Rd1+ 52. Kf2 h5 53. Ra1 Rd5 54. Kg1 Rd4 55. R7a3 f4 
56. gxf4 Rxf4 57. Ra5 Kh6 58. h4 Rc4 59. R5a2 Kg7 60. Ra8 Kf6 61. R8a5 Rc3 
62. R5a3 Rc5 63. Ra5 Rxa5 64. Rxa5 Bf5 65. Kh2 Bg6 66. Kg3 Ke6 67. Rc5 Kf6 
68. Rc1 Be4 69. Rc5 Bg6 70. Rc1 Bd3 71. Rd1 Be4 72. Rf1+ Bf3 73. Kf4 Be2 
74. Rb1 Bc4 75. Rc1 Bd3 76. Rc5 Kg7 77. Rd5 Bh7 78. Rd6 Bg6 79. Rd1 f6 
80. Rd7+ Kh6 81. Rd5 Bh7 82. Rd6 Kg7 83. Rd2 Bg8 84. Rd1 Kg6 85. Rd3 Kf7 
86. Rb3 Kg6 87. Rb6 Bf7 88. Rd6 Bb3 89. Rb6 Bd5 90. Rb1 Bf3 91. Rb6 Be2 
92. Rb7 Bf1 93. Rb4 Ba6 94. Re4 Bd3 95. Re1 Kf7 96. Re3 Bg6 97. Kg3 Bb1 
98. Rc3 Bg6 99. Rc5 Ke8 100. Rc7 Bf7 101. Ra7 Bg6 102. Ra1 Ke7 103. Rf1 Kf7 
104. Rd1 Bc2 105. Rd5 Bg6 106. Rc5 Kg7 107. Rc7+ Kh6 108. Ra7 Bc2 109. Rd7 Bg6 
110. Rd2 Kg7 111. Rd7+ Kh6 112. Rd8 Bf5 113. Rg8 Bb1 114. Kf2 Bf5 115. Ke3 Be6 
116. Rd8 Kg7 117. Kf4 Kf7 118. Rd6 Bc4 119. Kf5 Ke7 120. Rb6 Bd3+ 121. Kf4 Be2 
122. Ke3 Bc4 123. Rb4 Bd5 124. Kf2 Ke6 125. Kg3 Kf5 126. Rb5 Ke5 127. Rb1 f5 
128. Re1+ Be4 129. Rf1 Bd3 130. Re1+ Be4 131. Rf1 Bf3 132. Re1+ Be4 1/2-1/2